 Dungeon Crawl Stone Soup version 0.28-a0-1182-g381e24db82 (webtiles) character file.

Game seed: 428938027234539396

10714 Glokmah the Covert (level 11, -10/86 HPs)
             Began as a Gnoll Brigand on Dec 17, 2021.
             Was the Champion of Jiyva.
             Mangled by a death yak simulacrum (33 damage)
             ... in an ice cave.
             The game lasted 00:17:54 (8819 turns).

Glokmah the Covert (Gnoll Brigand)                  Turns: 8819, Time: 00:17:54

Health: -10/86     AC:  9    Str: 15    XL:     11   Next: 66%
Magic:  17/20      EV: 15    Int: 11    God:    Jiyva [******]
Gold:   527        SH:  7    Dex: 21    Spells: 18/23 levels left

rFire   . . .      SeeInvis .   a - +2 dagger
rCold   . . .      Faith    .   l - +1 buckler
rNeg    . . .      Spirit   .   z - +1 ring mail of Zoentaw {Str+4 Dex+4}
rPois   .          Reflect  .   (helmet unavailable)
rElec   .          Harm     .   c - +1 cloak
rCorr   +          Rampage  .   (no gloves)
Will    +....                   (no boots)
Stlth   +++++.....              h - amulet of regeneration
HPRegen 2.64/turn               (no ring)
MPRegen 0.67/turn               (no ring)

@: calling ooze
A: fangs 1, strong nose, distributed training, horns 3, strong-willed 1,
eyeballs 2, translucent skin 2, tendrils, jelly sensing items, engulf
a: Renounce Religion, Oozemancy, Slimify


You were in an ice cave.
You worshipped Jiyva.
Jiyva was exalted by your worship.
You visited 2 branches of the dungeon, and saw 12 of its levels.
You also visited: Sewer, Bailey and Ice Cave.

You collected 527 gold pieces.

Inventory:

Hand Weapons
 a - a +2 dagger (weapon)
Missiles
 d - 16 poisoned darts
 e - 2 curare-tipped darts
 n - 16 boomerangs (quivered)
 o - 4 javelins
 r - 55 bolts
 u - 133 stones
 x - 3 throwing nets
Armour
 c - a +1 cloak (worn)
 i - a +4 plate armour of willpower
 k - a +0 kite shield
 l - a +1 buckler (worn)
 z - the +1 ring mail of Zoentaw (worn) {Str+4 Dex+4}
   (You found it on level 8 of the Dungeon)

   Str:       It affects your strength (+4).
   Dex:       It affects your dexterity (+4).
Jewellery
 h - an amulet of regeneration (around neck)
Wands
 p - a wand of acid (13)
 v - a wand of polymorph (5)
 E - a wand of paralysis (6)
Scrolls
 g - a scroll of summoning
 y - a scroll of acquirement
 A - 2 scrolls of teleportation
 C - a scroll of blinking {unknown}
Potions
 f - 2 potions of magic
 j - 3 potions of degeneration {unknown}
 m - 2 potions of curing {unknown}
 q - 3 potions of mutation
 s - 3 potions of might {unknown}
 t - 6 potions of heal wounds {unknown}
 w - a potion of berserk rage {unknown}
 B - a potion of brilliance {unknown}
 D - 3 potions of flight {unknown}


   Skills:
 + Level 8.0 Fighting
 + Level 8.0 Short Blades
 + Level 6.5 Long Blades
 + Level 6.5 Axes
 + Level 6.5 Maces & Flails
 + Level 6.5 Polearms
 + Level 6.5 Staves
 + Level 6.5 Slings
 + Level 6.5 Bows
 + Level 6.5 Crossbows
 + Level 8.0 Throwing
 + Level 6.5 Armour
 + Level 7.0 Dodging
 + Level 10.2 Stealth
 + Level 6.5 Shields
 + Level 6.5 Unarmed Combat
 + Level 6.5 Spellcasting
 + Level 5.4 Conjurations
 + Level 5.4 Hexes
 + Level 5.4 Summonings
 + Level 5.4 Necromancy
 + Level 5.4 Translocations
 + Level 5.4 Transmutations
 + Level 5.4 Fire Magic
 + Level 5.4 Ice Magic
 + Level 5.4 Air Magic
 + Level 5.4 Earth Magic
 + Level 5.4 Poison Magic
 + Level 7.1 Invocations
 + Level 6.5 Evocations


You had 18 spell levels left.
You knew the following spells:

 Your Spells              Type           Power      Damage    Failure   Level
a - Passwall              Tmut/Erth      12%        N/A       5%          2
b - Swiftness             Air            15%        N/A       11%         3

Your spell library contained the following spells:

 Spells                   Type           Power      Damage    Failure   Level
 Leda's Liquefaction      Hex/Erth       7%         N/A       34%         4
 Lee's Rapid Deconstruct  Erth           7%         3d8*      69%         5
 Statue Form              Tmut/Erth      10%        N/A       99%         6


Dungeon Overview and Level Annotations

Branches:
Dungeon (11/15)            Temple (0/1) D:4            Lair (1/6) D:8
    Orc (0/2) D:10          Sewer (visited)          Bailey (visited)
  IceCv (1/1)

Altars:
Elyvilon
Kikubaaqudgha
Okawaru
Ru
Trog
Uskayaw
Wu Jian
Yredelemnul
The Shining One
Jiyva

Shops:
D:6 (


Innate Abilities, Weirdness & Mutations

You have very sharp teeth.
Your uncanny sense of smell can sniff out nearby items.
Your experience applies equally to all skills.
You have a pair of large horns on your head.
You are strong-willed. (Will+)
Your body has grown many eyes which may confuse attackers. (Acc +5)
Your translucent skin reduces your foes' accuracy. (Stealth+)
You are covered in slimy tendrils that may disarm your opponents.
You have a small jelly attached to you that senses nearby items.
Your melee attacks may engulf your foes in ooze.


Message History

The cane toad simulacrum is moderately damaged.
The wolf simulacrum misses you. The cane toad simulacrum hits you.
The cane toad simulacrum freezes you!
You hit the cane toad simulacrum.
The cane toad simulacrum is moderately damaged.
The cane toad simulacrum hits you but does no damage.
The wolf simulacrum bites you but does no damage.
You completely miss the cane toad simulacrum.
You headbutt the cane toad simulacrum!
You bite the cane toad simulacrum, but do no damage.
The cane toad simulacrum is almost destroyed.
The cane toad simulacrum hits you. The cane toad simulacrum freezes you!
You block the cane toad simulacrum's attack.
You hit the cane toad simulacrum.
The cane toad simulacrum vaporises!
You block the wolf simulacrum's attack.
The eyeballs on your body gaze at the wolf simulacrum.
You hit the death yak simulacrum. You headbutt the death yak simulacrum!
You bite the death yak simulacrum, but do no damage.
The death yak simulacrum is moderately damaged.
The wolf simulacrum bites the cane toad simulacrum but does no damage.
The cane toad simulacrum closely misses you.
You hit the death yak simulacrum but do no damage.
You headbutt the death yak simulacrum.
You bite the death yak simulacrum, but do no damage.
The death yak simulacrum is moderately damaged.
The wolf simulacrum misses you. The death yak simulacrum gores you!
The death yak simulacrum freezes you!
* * * LOW HITPOINT WARNING * * *
Activating: Oozemancy (0% risk of failure)
Press: ? - help, Dir - look around, f - activate Slime begins to ooze from the nearby walls!
The wall melts the wolf simulacrum!
You block the wolf simulacrum's attack.
You block the cane toad simulacrum's attack.
The wall melts the wolf simulacrum!
The wolf simulacrum barely misses you.
The wall melts the death yak simulacrum!
The death yak simulacrum gores you.
* * * LOW HITPOINT WARNING * * *
The death yak simulacrum freezes you!!
You die...

#### ###
##..##
##..##....##
##..........#
#...ZZZ.∩.∩.#
..##@......#
###....##
##..## ####


You could see a wolf simulacrum (confused), a death yak simulacrum and a cane
toad simulacrum.

Vanquished Creatures
  Harold (D:7)
  A centaur warrior (D:9)
  A two-headed ogre (D:8)
  Erica (D:10)
  Maurice (D:8)
  Maggie (D:6)
  2 ice devils (Lair:1)
  3 trolls
  The ghost of weirdocat the Chopper, an amateur HOFi of Beogh (D:5)
  2 wraiths
  Grum (D:8)
  20 yaks
  2 steam dragons
  2 wargs (D:8)
  A water moccasin (Sewer)
  6 orc warriors
  An ice beast (D:6)
  A black bear (D:7)
  2 necrophages
  3 ogres
  4 wolves (D:8)
  2 phantoms (D:5)
  A centaur (D:9)
  A scorpion (D:5)
  2 bullfrogs
  A cane toad simulacrum (IceCv)
  A water moccasin zombie (D:5)
  4 howler monkeys
  2 centaur zombies
  2 orc priests
  A centaur skeleton (D:7)
  Jessica (D:2)
  An iguana (D:5)
  3 orc wizards (D:8)
  2 hound skeletons
  6 adders
  3 gnolls (D:5)
  2 shadow imps
  2 ufetubi
  An adder zombie (D:3)
  2 adder skeletons
  3 worms
  3 dart slugs
  13 orcs
  2 giant cockroaches
  6 goblins
  3 hobgoblins
  2 jackals (Sewer)
  14 kobolds
  4 quokkas
  3 ball pythons
  A bat (D:1)
  2 frilled lizards (D:2)
  A rat (D:1)
154 creatures vanquished.

Vanquished Creatures (collateral kills)
  An ogre (D:5)
1 creature vanquished.

Vanquished Creatures (others)
  A water moccasin (D:9)
  An orc warrior (D:8)
  A sky beast (D:6)
  2 ogres
  A kobold brigand (D:8)
  Blork the orc (D:6)
  2 scorpions
  A centaur zombie (D:9)
  A hound (D:6)
  16 jellies
  An iguana (D:5)
  A hound zombie (D:3)
  A howler monkey skeleton (D:7)
  2 adders
  An adder skeleton (D:3)
  An endoplasm (D:3)
  6 orcs
  A goblin (D:3)
  3 quokkas
  3 bats
  2 frilled lizards (D:2)
  A jackal zombie (D:3)
  7 kobolds
  5 withered plants (D:3)
62 creatures vanquished.

Grand Total: 217 creatures vanquished

Notes
Turn   | Place    | Note
-------+----------+-------------------------------------------
     0 | D:1      | Glokmah the Gnoll Brigand began the quest for the Orb.
     0 | D:1      | Reached XP level 1. HP: 20/20 MP: 1/1
   265 | D:1      | Found a faded altar of an unknown god.
   269 | D:1      | Noticed a floating eye
   269 | D:1      | Noticed a shining eye
   270 | D:1      | Noticed a great orb of eyes
   270 | D:1      | Noticed a floating eye
   277 | D:1      | Prayed at the altar of an unknown god.
   277 | D:1      | Became a worshipper of Jiyva Joolid the Shapeless
   277 | D:1      | Reached * piety under Jiyva
   356 | D:1      | Reached XP level 2. HP: 26/26 MP: 2/2
   843 | D:2      | Noticed Jessica
   850 | D:2      | Killed Jessica
   851 | D:2      | Reached XP level 3. HP: 18/31 MP: 2/4
   862 | D:2      | Reached skill level 1 in Invocations
   905 | D:2      | Reached ** piety under Jiyva
  1072 | D:2      | Reached skill level 1 in Long Blades
  1072 | D:2      | Reached skill level 1 in Axes
  1072 | D:2      | Reached skill level 1 in Maces & Flails
  1072 | D:2      | Reached skill level 1 in Polearms
  1072 | D:2      | Reached skill level 1 in Staves
  1072 | D:2      | Reached skill level 1 in Slings
  1072 | D:2      | Reached skill level 1 in Bows
  1072 | D:2      | Reached skill level 1 in Crossbows
  1072 | D:2      | Reached skill level 1 in Armour
  1072 | D:2      | Reached skill level 1 in Shields
  1072 | D:2      | Reached skill level 1 in Unarmed Combat
  1072 | D:2      | Reached skill level 1 in Spellcasting
  1072 | D:2      | Reached skill level 1 in Evocations
  1072 | D:2      | Reached XP level 4. HP: 38/38 MP: 5/5
  1097 | D:2      | Found an ornate altar of the Wu Jian Council.
  1723 | D:3      | Reached *** piety under Jiyva
  1756 | D:3      | Reached skill level 1 in Conjurations
  1756 | D:3      | Reached skill level 1 in Hexes
  1756 | D:3      | Reached skill level 1 in Summonings
  1756 | D:3      | Reached skill level 1 in Necromancy
  1756 | D:3      | Reached skill level 1 in Translocations
  1756 | D:3      | Reached skill level 1 in Transmutations
  1756 | D:3      | Reached skill level 1 in Fire Magic
  1756 | D:3      | Reached skill level 1 in Ice Magic
  1756 | D:3      | Reached skill level 1 in Air Magic
  1756 | D:3      | Reached skill level 1 in Earth Magic
  1756 | D:3      | Reached skill level 1 in Poison Magic
  1822 | D:3      | Gained mutation: You are strong-willed. (Will+) [Jiyva's
                  | grace]
  1822 | D:3      | Gained mutation: You are highly strong-willed. (Will++)
                  | [Jiyva's grace]
  1822 | D:3      | Gained mutation: You are extremely strong-willed. (Will+++)
                  | [Jiyva's grace]
  1822 | D:3      | Gained mutation: You have a pair of small horns on your
                  | head. [Jiyva's grace]
  2249 | D:4      | Reached **** piety under Jiyva
  2321 | D:4      | Found a staircase to the Ecumenical Temple.
  2329 | D:4      | Reached XP level 5. HP: 38/43 MP: 5/7
  2762 | D:5      | Entered Level 5 of the Dungeon
  2825 | D:5      | Found a runed translucent gate.
  2825 | D:5      | Found a runed translucent gate.
  2825 | D:5      | Found a runed translucent gate.
  2827 | D:5      | Identified a scroll of acquirement
  2827 | D:5      | Noticed weirdocat's ghost (amateur HOFi)
  2856 | D:5      | Killed weirdocat's ghost
  2857 | D:5      | Reached skill level 5 in Fighting
  2857 | D:5      | Reached skill level 5 in Short Blades
  2857 | D:5      | Reached skill level 5 in Throwing
  2857 | D:5      | Reached skill level 8 in Stealth
  2857 | D:5      | Reached XP level 6. HP: 30/51 MP: 7/9
  2929 | D:5      | Reached XP level 7. HP: 22/56 MP: 10/10
  3117 | D:5      | Reached XP level 8. HP: 63/63 MP: 12/12
  3276 | D:5      | Gained mutation: You are covered in slimy tendrils that may
                  | disarm your opponents. [Jiyva's grace]
  3276 | D:5      | Gained mutation: Your body has grown eyes which may confuse
                  | attackers. (Acc +3) [Jiyva's grace]
  3276 | D:5      | Gained mutation: Your body has grown many eyes which may
                  | confuse attackers. (Acc +5) [Jiyva's grace]
  3276 | D:5      | Gained mutation: Your body is covered in eyes which may
                  | confuse attackers. (Acc +7, SInv) [Jiyva's grace]
  3283 | D:5      | Reached ***** piety under Jiyva
  3590 | D:6      | Noticed Maggie
  3600 | D:6      | Killed Maggie
  3641 | D:6      | Found a glowing golden altar of the Shining One.
  3642 | D:6      | Found an ancient bone altar of Kikubaaqudgha.
  3643 | D:6      | Found a sacrificial altar of Ru.
  3644 | D:6      | Found a bloodstained altar of Trog.
  3645 | D:6      | Found a white marble altar of Elyvilon.
  3645 | D:6      | Found a basalt altar of Yredelemnul.
  3646 | D:6      | Found an iron altar of Okawaru.
  3660 | D:6      | Found a glowing drain.
  3677 | Sewer    | Entered a sewer
  3838 | D:6      | Reached XP level 9. HP: 69/69 MP: 14/14
  4020 | D:6      | Killed Blork the orc
  4035 | D:6      | Found Puut's Antique Weapon Boutique.
  4349 | D:6      | Found a hide-covered altar of Uskayaw.
  4602 | D:7      | Learned a level 2 spell: Passwall
  4606 | D:7      | Learned a level 3 spell: Swiftness
  4699 | D:7      | Lost mutation: You have a pair of small horns on your head.
                  | [Jiyva's grace]
  4699 | D:7      | Lost mutation: You are extremely strong-willed. (Will+++)
                  | [Jiyva's grace]
  4699 | D:7      | Lost mutation: Your body is covered in eyes which may
                  | confuse attackers. (Acc +7, SInv) [Jiyva's grace]
  4699 | D:7      | Gained mutation: Your translucent skin slightly reduces
                  | your foes' accuracy. (Stealth+) [Jiyva's grace]
  4699 | D:7      | Gained mutation: Your translucent skin reduces your foes'
                  | accuracy. (Stealth+) [Jiyva's grace]
  4699 | D:7      | Gained mutation: Your transparent skin significantly
                  | reduces your foes' accuracy. (Stealth+) [Jiyva's grace]
  4699 | D:7      | Gained mutation: You have a small jelly attached to you
                  | that senses nearby items. [Jiyva's grace]
  4755 | D:7      | Noticed Harold
  4784 | D:7      | Killed Harold
  4785 | D:7      | Reached skill level 5 in Dodging
  4785 | D:7      | Reached skill level 9 in Stealth
  4808 | D:7      | Reached ****** piety under Jiyva
  5391 | D:8      | Noticed Maurice
  5425 | D:8      | Killed Maurice
  5426 | D:8      | Reached skill level 5 in Invocations
  5495 | D:8      | Noticed a two-headed ogre
  5504 | D:8      | Killed a two-headed ogre
  5505 | D:8      | Reached XP level 10. HP: 77/77 MP: 15/17
  5543 | D:8      | Found a staircase to the Lair.
  5575 | D:8      | Reached skill level 5 in Long Blades
  5575 | D:8      | Reached skill level 5 in Axes
  5575 | D:8      | Reached skill level 5 in Maces & Flails
  5575 | D:8      | Reached skill level 5 in Polearms
  5575 | D:8      | Reached skill level 5 in Staves
  5575 | D:8      | Reached skill level 5 in Slings
  5575 | D:8      | Reached skill level 5 in Bows
  5575 | D:8      | Reached skill level 5 in Crossbows
  5575 | D:8      | Reached skill level 5 in Armour
  5575 | D:8      | Reached skill level 5 in Shields
  5575 | D:8      | Reached skill level 5 in Unarmed Combat
  5575 | D:8      | Reached skill level 5 in Spellcasting
  5575 | D:8      | Reached skill level 5 in Evocations
  5823 | D:8      | Noticed Grum
  5870 | D:8      | Killed Grum
  6035 | D:8      | Identified the +1 ring mail of Zoentaw {Str+4 Dex+4}
  6582 | D:9      | Lost mutation: You are highly strong-willed. (Will++)
                  | [Jiyva's grace]
  6582 | D:9      | Lost mutation: Your transparent skin significantly reduces
                  | your foes' accuracy. (Stealth+) [Jiyva's grace]
  6582 | D:9      | Gained mutation: You have a pair of small horns on your
                  | head. [Jiyva's grace]
  6582 | D:9      | Gained mutation: You have a pair of horns on your head.
                  | [Jiyva's grace]
  6582 | D:9      | Gained mutation: You have a pair of large horns on your
                  | head. [Jiyva's grace]
  6582 | D:9      | Gained mutation: Your melee attacks may engulf your foes in
                  | ooze. [Jiyva's grace]
  6589 | D:9      | Noticed a centaur warrior
  6617 | D:9      | Killed a centaur warrior
  7064 | D:10     | Entered Level 10 of the Dungeon
  7100 | D:10     | Found a staircase to the Orcish Mines.
  7368 | D:10     | Reached XP level 11. HP: 84/84 MP: 19/19
  7600 | D:10     | Reached skill level 5 in Conjurations
  7600 | D:10     | Reached skill level 5 in Hexes
  7600 | D:10     | Reached skill level 5 in Summonings
  7600 | D:10     | Reached skill level 5 in Necromancy
  7600 | D:10     | Reached skill level 5 in Translocations
  7600 | D:10     | Reached skill level 5 in Transmutations
  7600 | D:10     | Reached skill level 5 in Fire Magic
  7600 | D:10     | Reached skill level 5 in Ice Magic
  7600 | D:10     | Reached skill level 5 in Air Magic
  7600 | D:10     | Reached skill level 5 in Earth Magic
  7600 | D:10     | Reached skill level 5 in Poison Magic
  7620 | D:10     | Found a flagged portal.
  7642 | Bailey   | Entered a bailey
  7691 | Bailey   | Found a bloodstained altar of Trog.
  7809 | D:10     | Reached skill level 10 in Stealth
  8079 | D:10     | Noticed Erica
  8145 | D:10     | Killed Erica
  8724 | Lair:1   | Entered Level 1 of the Lair of Beasts
  8724 | Lair:1   | Noticed a six-headed hydra
  8734 | Lair:1   | Slimified a six-headed hydra
  8734 | Lair:1   | a six-headed hydra changed into a slime creature
  8757 | Lair:1   | Found a frozen archway.
  8805 | IceCv    | Entered an ice cave
  8819 | IceCv    | Mangled by a death yak simulacrum

Illustrated notes

Levels and vault maps discovered:
D:1:      dpeg_arrival_erosion, layout_loops_ring,
          hellmonk_ecumenical_altar_watching_god, grunt_decor_fettered
D:2:      minmay_evil_eye, layout_basic, basic_altar, uniq_jessica
D:3:      layout_loops_ring, serial_undead, serial_undead_b, serial_undead_d,
          serial_undead_c, serial_undead_b, serial_undead_d
D:4:      layout_basic, minmay_temple_entry_proselytizer, minmay_statues_item,
          minmay_parallelograms, grunt_ministairs_3
D:5:      layout_loops_ring, ebering_ghost_rock_garden, grunt_decor_cap
D:6:      layout_loops_corners, grunt_temple_overflow_open,
          nicolae_uskayaw_suspiria, serial_shops, shop,
          cheibrodos_sewer_entry_drain, uniq_maggie, uniq_blork_the_orc
D:7:      layout_basic, kennysheep_minor_cross, chequers_jeans, uniq_harold
D:8:      layout_basic, erik_lair_orcish_takeover, uniq_maurice, uniq_grum
D:9:      layout_basic
D:10:     layout_loops_ring, david_orc_2, serial_co_window_serial,
          co_window_cross_1, co_window_corner_a, co_window_of_opportunity_a,
          co_window_corner_a, co_window_paths_a, co_window_unsneaky_path_b,
          co_window_broadway_a, co_window_corner_ca, co_window_corner_cb,
          co_window_4corner_a, co_window_4corner_b, glass_columns_a,
          enter_bailey_5, uniq_erica
D:11:     minmay_cut_squares, layout_cave_pods
Lair:1:   layout_roguey, portal_ice_cave_demonic_guard, uniq_sonja,
          uniq_gastronok
IceCv:    ice_cave_small_necro

Skill      XL: |  1  2  3  4  5  6  7  8  9 10 11 |
---------------+----------------------------------+-----
Invocations    | 1 2 3 4 5 6 7 |  7.1
Long Blades    | 1 2 3 4 5 6 |  6.5
Axes           | 1 2 3 4 5 6 |  6.5
Maces & Flails | 1 2 3 4 5 6 |  6.5
Polearms       | 1 2 3 4 5 6 |  6.5
Staves         | 1 2 3 4 5 6 |  6.5
Slings         | 1 2 3 4 5 6 |  6.5
Bows           | 1 2 3 4 5 6 |  6.5
Crossbows      | 1 2 3 4 5 6 |  6.5
Armour         | 1 2 3 4 5 6 |  6.5
Shields        | 1 2 3 4 5 6 |  6.5
Unarmed Combat | 1 2 3 4 5 6 |  6.5
Spellcasting   | 1 2 3 4 5 6 |  6.5
Evocations     | 1 2 3 4 5 6 |  6.5
Conjurations   | 1 2 3 4 5 |  5.4
Hexes          | 1 2 3 4 5 |  5.4
Summonings     | 1 2 3 4 5 |  5.4
Necromancy     | 1 2 3 4 5 |  5.4
Translocations | 1 2 3 4 5 |  5.4
Transmutations | 1 2 3 4 5 |  5.4
Fire Magic     | 1 2 3 4 5 |  5.4
Ice Magic      | 1 2 3 4 5 |  5.4
Air Magic      | 1 2 3 4 5 |  5.4
Earth Magic    | 1 2 3 4 5 |  5.4
Poison Magic   | 1 2 3 4 5 |  5.4
Dodging        | 3 4 5 6 7 |  7.0
Fighting       | 5 6 7 8 |  8.0
Short Blades   | 5 6 7 8 |  8.0
Throwing       | 5 6 7 8 |  8.0
Stealth        | 8 9 10 | 10.2

Action                   |  1- 3 |  4- 6 |  7- 9 | 10-12 || total
-------------------------+-------+-------+-------+-------++-------
Melee: Dagger            |    41 |    81 |   194 |   523 ||   839
       Bite              |     5 |     6 |    30 |    92 ||   133
       Headbutt          |       |     7 |    27 |   117 ||   151
       Punch             |       |       |     1 |       ||     1
Throw: Dart              |       |     3 |    10 |    21 ||    34
       Boomerang         |       |       |     4 |    14 ||    18
       Javelin           |       |       |       |     4 ||     4
Invok: Oozemancy         |       |     1 |       |     1 ||     2
       Slimify           |       |       |       |     1 ||     1
  Use: Scroll            |       |     6 |     2 |     3 ||    11
 Stab: Sleeping          |     6 |    10 |    14 |     6 ||    36
       Confused          |       |       |     1 |    20 ||    21
       Distracted        |       |       |       |     2 ||     2
Armor: Robe              |    13 |    12 |     4 |       ||    29
       Ring mail         |       |       |    25 |    73 ||    98
Dodge: Dodged            |    17 |    31 |    72 |   259 ||   379
Block: Buckler           |       |       |       |   107 ||   107

Table legend: (Time is in decaauts)
 A = Elapsed time spent in this place.
 B = Non-inter-level travel time spent in this place.
 C = Inter-level travel time spent in this place.
 D = Time resting spent in this place.
 E = Time spent auto-exploring this place.
 F = Levels seen in this place.
 G = Mean time per level.
                   A        B        C        D        E       F      G
               +--------+--------+--------+--------+--------+-----+--------+
         Total |   8553 |   7817 |    736 |     18 |   5763 |  15 |  570.2 |
       Dungeon |   8259 |   7523 |    736 |     18 |   5694 |  11 |  750.8 |
          Lair |     63 |     63 |      0 |      0 |      0 |   1 |   63.0 |
         Sewer |    130 |    130 |      0 |      0 |     68 |   1 |  130.0 |
        Bailey |     90 |     90 |      0 |      0 |      0 |   1 |   90.0 |
      Ice Cave |      9 |      9 |      0 |      0 |      0 |   1 |    9.0 |
               +--------+--------+--------+--------+--------+-----+--------+

Top non-repeatable levels by time:
    D:10: 1426 daAuts
     D:8: 1136 daAuts
     D:6: 906 daAuts
     D:1: 838 daAuts
     D:7: 812 daAuts
     D:4: 695 daAuts
     D:5: 694 daAuts
     D:2: 659 daAuts
     D:3: 578 daAuts
     D:9: 509 daAuts
   Sewer: 130 daAuts
  Bailey: 90 daAuts
  Lair:1: 63 daAuts
   IceCv: 9 daAuts
    D:11: 1 daAuts
